 Dungeon Sprint DCSS version 0.30.0-29-ga12c61a403 (webtiles) character file.

Game seed: 14944697711605978111

3100000 Revguard the Blood Saint (level 19, -7/184 HPs)
             Began as a Demonspawn Warper on June 19, 2023.
             Was the Champion of Makhleb.
             Mangled by a destroyer
             ... wielding a +9 heavy great sword
              (171 damage)
             ... in the Dungeon (Sprint VIII: "Arena of Blood").
             The game lasted 00:02:23 (31 turns).

Revguard the Blood Saint (Demonspawn Warper)          Turns: 31, Time: 00:02:24

Health: -7/184     AC:  6    Str: 12    XL:     19   Next: 30%
Magic:  39/46      EV: 35    Int: 14    God:    Makhleb [******]
Gold:   0          SH:  0    Dex: 21    Spells: 65/65 levels left

rFire   . . .        j - +∞ Axe of Woe
rCold   . . .        (shield currently unavailable)
rNeg    . . .        b - +0 leather armour
rPois   .            (helmet unavailable)
rElec   .            (no cloak)
rCorr   .            (no gloves)
SInv    +            (no boots)
Will    +....        (no amulet)
Stlth   ++           (no ring)
HPRegen 0.50/turn    (no ring)
MPRegen 0.30/turn

%: no teleportation
@: mighty, agile
A: antennae 3, claws 2, ignite blood 3, powered by pain 2, weakness stinger 2
a: Renounce Religion, Minor Destruction, Lesser Servant of Makhleb, Major
Destruction, Greater Servant of Makhleb


You were in the Dungeon.
You worshipped Makhleb.
Makhleb was exalted by your worship.
You visited 1 branch

Inventory:

Hand Weapons
 a - a +0 hand axe
 j - the +∞ Axe of Woe (weapon)
   (You found it in the Dungeon)
Missiles
 d - 7 boomerangs of dispersal (quivered)
Armour
 b - a +0 leather armour (worn)
Scrolls
 c - 2 scrolls of blinking
Potions
 e - a potion of curing
 f - a potion of heal wounds
 g - a potion of haste
 h - 2 potions of magic
 i - a potion of berserk rage


   Skills:
 + Level 25.6 Fighting
 + Level 23.7 Axes
 - Level 0.8 Throwing
 + Level 23.6 Armour
 + Level 23.7 Dodging
 + Level 23.7 Spellcasting
 + Level 23.7 Translocations
 O Level 27 Invocations
 + Level 25.4 Evocations


You had 65 spell levels left.
You didn't know any spells.
Your spell library contained the following spells:

 Spells                   Type           Power      Damage    Failure   Level
 Blink                    Tloc           100%       N/A       0%          2
 Lesser Beckoning         Tloc           100%       N/A       0%          2
 Teleport Other           Tloc           70%        N/A       0%          3
 Manifold Assault         Tloc           70%        N/A       0%          4
 Vhi's Electric Charge    Tloc/Air       98%        N/A       1%          3


Dungeon Overview and Level Annotations

Branches:
Dungeon (1/1)

Altars:
Makhleb


Innate Abilities, Weirdness & Mutations

You have a pair of large antennae on your head. (SInv)
You have very sharp fingernails.
Your demonic aura causes all spilled blood to erupt in flames.
You sometimes gain power by taking damage.
You have a tail ending in a sharp stinger.


Message History

You kill the bag of meat!
Makhleb accepts your kill.
You slash the bag of meat!
You butcher the bag of meat messily.
You kill the bag of meat!
Makhleb accepts your kill.
The large bag of meat explodes!
The fiery explosion engulfs you!!
You focus on the pain.
You feel more agile all of a sudden.
You hear a roar!
You hear a shout! x3; You hear two shouts!
You hear a shout! x5
Your Fighting skill increases to level 25!
Your Axes skill increases to level 23!
Your Armour skill increases to level 23!
Your Dodging skill increases to level 23!
Your Spellcasting skill increases to level 23!
Your Translocations skill increases to level 23!
Your Evocations skill increases to level 25!
You have reached level 19!
Your demonic ancestry asserts itself...
The antennae on your head grow some more.
Memorise Manifold Assault, consuming 4 spell levels and leaving 61?
The sculptor of flesh appears out of thin air!
You hear a shout! x5
You start memorising the spell.
You continue memorising.
You hear a shout! x7
The destroyer casts a spell at you.
The destroyer blinks!
You hear a shout!
You continue memorising.
The destroyer appears out of thin air!
The destroyer shouts!
You hear two shouts!
You hear a shout! x10
The destroyer points at you and mumbles some strange words.
The destroyer blinks!
You hear a shout! x2
You continue memorising.
The sculptor of flesh appears out of thin air!
The bag of meat shouts! x2; You hear a shout! x8
The destroyer hits you with a +9 heavy great sword!!!!!
Your memorisation is interrupted.
Ouch! That really hurt!
You die...

..........#.#.
{.Voo.........
z............
...o..z.....
.o...§...z.
.o○...§.O. {
{{#O§.....#
#@V.....#
...###°§§....###.
.......°.###......
.#........_.......
.{{....#.....#....
.{.....#_.<._# .
.......#...o.#
.#........_.....
........###......


You could see 2 destroyers, 3 sculptors of flesh, a large bag of meat (inner
flame), a meat berserker (berserk) and 6 bags of meat.

Vanquished Creatures
  A vampire knight (D)
  7 ogres (D)
  A two-headed ogre (D)
  23 orcs (D)
32 creatures vanquished.

Notes
Turn   | Place    | Note
-------+----------+-------------------------------------------
     0 | D        | Found the +∞ Axe of Woe
     0 | D        | Revguard the Demonspawn Warper began the quest for the Orb.
     0 | D        | Reached XP level 1. HP: 16/16 MP: 3/3
     3 | D        | Became a worshipper of Makhleb the Destroyer
     4 | D        | Noticed a meat berserker
     5 | D        | Noticed a bag of meat
     5 | D        | Noticed a bag of meat
     6 | D        | Noticed a bag of meat
     7 | D        | Killed a meat berserker
     7 | D        | Noticed a meat berserker
     7 | D        | Noticed a meat berserker
     8 | D        | Reached skill level 10 in Axes
     8 | D        | Reached skill level 10 in Armour
     8 | D        | Reached skill level 10 in Dodging
     8 | D        | Reached skill level 10 in Spellcasting
     8 | D        | Reached skill level 10 in Translocations
     8 | D        | Reached skill level 13 in Invocations
     8 | D        | Reached skill level 10 in Evocations
     8 | D        | Gained mutation: Your demonic aura sometimes causes spilled
                  | blood to erupt in flames. [demonic ancestry]
     8 | D        | Reached XP level 2. HP: 37/37 MP: 3/13
     8 | D        | Reached XP level 3. HP: 43/43 MP: 3/14
     8 | D        | Discovered your monstrous ancestry.
     8 | D        | Gained mutation: You have a pair of small antennae on your
                  | head. [demonic ancestry]
     8 | D        | Reached XP level 4. HP: 50/50 MP: 3/16
     8 | D        | Reached XP level 5. HP: 55/55 MP: 3/17
     8 | D        | Gained mutation: You have a pair of antennae on your head.
                  | [demonic ancestry]
     8 | D        | Reached XP level 6. HP: 62/62 MP: 3/19
     8 | D        | Gained mutation: You have a small tail. [demonic ancestry]
     8 | D        | Reached XP level 7. HP: 68/68 MP: 3/20
     8 | D        | Gained mutation: Your demonic aura often causes spilled
                  | blood to erupt in flames. [demonic ancestry]
     8 | D        | Reached XP level 8. HP: 75/75 MP: 3/22
     8 | D        | Gained mutation: Your demonic aura causes all spilled blood
                  | to erupt in flames. [demonic ancestry]
     8 | D        | Reached XP level 9. HP: 81/81 MP: 3/23
     8 | D        | Reached XP level 10. HP: 87/87 MP: 3/24
     8 | D        | Gained mutation: You have sharp fingernails. [demonic
                  | ancestry]
     8 | D        | Reached XP level 11. HP: 93/93 MP: 3/25
     8 | D        | Noticed a bag of meat
     8 | D        | Noticed a bag of meat
     9 | D        | Noticed a bag of meat
    10 | D        | Killed a meat berserker
    10 | D        | Reached * piety under Makhleb
    10 | D        | Killed a bag of meat
    10 | D        | Noticed a bag of meat
    10 | D        | Noticed a bag of meat
    10 | D        | Noticed a bag of meat
    11 | D        | Reached skill level 16 in Invocations
    11 | D        | Reached XP level 12. HP: 105/105 MP: 3/28
    11 | D        | Reached XP level 13. HP: 111/111 MP: 3/29
    11 | D        | Killed a bag of meat
    11 | D        | Noticed a bag of meat
    12 | D        | Reached skill level 17 in Invocations
    12 | D        | Killed a meat berserker
    12 | D        | Reached ** piety under Makhleb
    12 | D        | Killed a bag of meat
    12 | D        | Noticed a meat berserker
    12 | D        | Noticed a meat berserker
    13 | D        | Reached skill level 15 in Fighting
    13 | D        | Reached skill level 19 in Invocations
    13 | D        | Reached skill level 15 in Evocations
    13 | D        | Gained mutation: You have a tail ending in a sharp stinger.
                  | [demonic ancestry]
    13 | D        | Reached XP level 14. HP: 123/123 MP: 4/32
    13 | D        | Noticed a meat berserker
    13 | D        | Noticed a bag of meat
    14 | D        | Noticed a meat berserker
    14 | D        | Noticed a bag of meat
    14 | D        | Noticed a bag of meat
    14 | D        | Noticed a large bag of meat
    14 | D        | Noticed a bag of meat
    14 | D        | Noticed a bag of meat
    14 | D        | Noticed a bag of meat
    15 | D        | Killed a bag of meat
    15 | D        | Killed a bag of meat
    15 | D        | Reached *** piety under Makhleb
    15 | D        | Noticed a bag of meat
    15 | D        | Noticed a bag of meat
    15 | D        | Noticed a bag of meat
    16 | D        | Reached skill level 15 in Axes
    16 | D        | Reached skill level 15 in Armour
    16 | D        | Reached skill level 15 in Dodging
    16 | D        | Reached skill level 15 in Spellcasting
    16 | D        | Reached skill level 15 in Translocations
    16 | D        | Reached skill level 20 in Invocations
    16 | D        | Gained mutation: You sometimes gain a little power by
                  | taking damage. [demonic ancestry]
    16 | D        | Reached XP level 15. HP: 132/132 MP: 4/34
    16 | D        | Killed a meat berserker
    17 | D        | Reached skill level 21 in Invocations
    17 | D        | Killed a meat berserker
    17 | D        | Reached **** piety under Makhleb
    17 | D        | Killed a meat berserker
    18 | D        | Reached skill level 24 in Invocations
    18 | D        | Gained mutation: You have very sharp fingernails. [demonic
                  | ancestry]
    18 | D        | Reached XP level 16. HP: 135/147 MP: 10/38
    18 | D        | Reached ***** piety under Makhleb
    19 | D        | Reached skill level 25 in Invocations
    20 | D        | Gained mutation: You sometimes gain power by taking damage.
                  | [demonic ancestry]
    20 | D        | Reached XP level 17. HP: 120/156 MP: 10/39
    20 | D        | Killed a meat berserker
    21 | D        | Reached skill level 27 in Invocations
    21 | D        | Noticed a destroyer
    21 | D        | Killed a destroyer
    21 | D        | Reached ****** piety under Makhleb
    21 | D        | Noticed a large bag of meat
    22 | D        | Reached XP level 18. HP: 171/171 MP: 11/43
    25 | D        | Noticed a destroyer
    26 | D        | Noticed a meat berserker
    27 | D        | Killed a large bag of meat
    28 | D        | Gained mutation: You have a pair of large antennae on your
                  | head. (SInv) [demonic ancestry]
    28 | D        | Reached XP level 19. HP: 162/184 MP: 37/46
    30 | D        | Noticed a destroyer
    30 | D        | Noticed a large bag of meat
    31 | D        | Mangled by a destroyer

Illustrated notes

Levels and vault maps discovered:
D:        meatsprint

Skill      XL: |  1  2  3  4  5  6  7  8  9 10 11 12 13 14 15 16 17 18 |
---------------+-------------------------------------------------------+-----
Fighting       | 11 13 15 16 19 20 23 25 | 25.6
Axes           | 10 12 14 15 18 21 23 | 23.7
Armour         | 10 12 14 15 18 21 23 | 23.6
Dodging        | 10 12 14 15 18 19 21 23 | 23.7
Spellcasting   | 10 12 14 15 18 21 23 | 23.7
Translocations | 10 12 14 15 18 19 21 23 | 23.7
Invocations    | 13 16 19 20 24 25 27 | 27.0
Evocations     | 10 13 15 16 19 20 23 25 | 25.4
Throwing       | |  0.8

Action                     |  1- 3 |  4- 6 |  7- 9 | 10-12 | 13-15 | 16-18 | 19-21 || total
---------------------------+-------+-------+-------+-------+-------+-------+-------++-------
  Melee: Executioner's axe |     1 |       |       |     1 |     5 |     8 |       ||    15
  Dodge: Dodged            |       |       |       |     2 |       |       |       ||     2
